 Dungeon Crawl Stone Soup version 0.27-a0-1230-gfc7c993222 (webtiles) character file.

Game seed: 14788260801358492359

798 Glokmah the Sneak (level 7, -1/40 HPs)
             Began as a Vampire Enchanter on June 8, 2021.
             Was a Follower of Uskayaw.
             Slain by a phantom (5 damage)
             ... on level 4 of the Dungeon.
             The game lasted 00:12:35 (5920 turns).

Glokmah the Sneak (Vampire Enchanter)               Turns: 5920, Time: 00:12:36

Health: -1/40      AC:  3    Str:  7    XL:     7   Next: 58%
Magic:  4/11       EV: 13    Int: 18    God:    Uskayaw [*.....]
Gold:   183        SH:  0    Dex: 22    Spells: 7/12 levels left

rFire    . . .     SeeInvis +   b - +2 short sword (flame)
rCold    + + .     Faith    .   (no shield)
rNeg     + + +     Spirit   .   n - +0 robe
rPois    ∞         Reflect  .   e - +0 helmet
rElec    .         Harm     .   (no cloak)
rCorr    .         Rampage  .   (no gloves)
Will     .....                  (no boots)
Stlth    ++++++....             (no amulet)
HPRegen  0.00/turn              m - +6 ring of dexterity
MPRegen  0.12/turn              (no ring)

@: confusing by touch, bloodless
A: bloodless, fangs 3, see invisible, vampiric 2
a: Bat Form, Revivify, Renounce Religion, Stomp


You were on level 4 of the Dungeon.
You worshipped Uskayaw.
Uskayaw was noncommittal.
You visited 2 branches of the dungeon, and saw 6 of its levels.
You also visited: Ossuary.

You collected 183 gold pieces.

Inventory:

Hand Weapons
 a - a +2 dagger of venom
 b - a +2 short sword of flaming (weapon)
Missiles
 l - 34 poisoned darts
 q - 10 boomerangs
Armour
 e - a +0 helmet (worn)
 h - a +1 buckler
 n - a +0 robe (worn)
Jewellery
 m - a +6 ring of dexterity (left hand)
Wands
 g - a wand of acid (7)
 i - a wand of flame (19)
Scrolls
 d - a scroll of fear
 j - 2 scrolls of noise
 p - a scroll of identify
Potions
 c - a potion of flight
 f - a potion of attraction {unknown}
 k - a potion of invisibility {unknown}
 o - 2 potions of brilliance {unknown}


   Skills:
 + Level 2.3 Fighting
 * Level 4.3 Short Blades
 - Level 2.1 Dodging
 * Level 7.3 Stealth
 + Level 3.1 Spellcasting
 * Level 7.2 Hexes
 + Level 2.3 Ice Magic
 * Level 1.2 Invocations


You had 7 spell levels left.
You knew the following spells:

 Your Spells              Type           Power      Damage    Failure   Level
a - Confusing Touch       Hex            28%        N/A       2%          3
b - Ensorcelled Hibernat  Hex/Ice        40%        N/A       3%          2

Your spell library contained the following spells:

 Spells                   Type           Power      Damage    Failure   Level
 Corona                   Hex            31%        N/A       1%          1
 Tukima's Dance           Hex            28%        N/A       2%          3
 Freeze                   Ice            44%        1d6       6%          1
 Dazzling Flash           Conj/Hex       30%        N/A       11%         3
 Frozen Ramparts          Ice            22%        1d4       19%         3
 Ozocubu's Armour         Ice            11%        N/A       19%         3
 Metabolic Englaciation   Hex/Ice        10%        N/A       54%         5
 Hailstorm                Conj/Ice       7%         3d4       69%         4


Dungeon Overview and Level Annotations

Branches:
Dungeon (5/15)             Temple (1/1) D:4         Ossuary (visited)

Altars:
Ashenzari
Cheibriados
Dithmenos
Elyvilon
Fedhas
Gozag
Hepliaklqana
Kikubaaqudgha
Makhleb
Nemelex Xobeh
Okawaru
Qazlal
Ru
Sif Muna
Trog
Uskayaw
Vehumet
Wu Jian
Xom
Yredelemnul
Zin
The Shining One

Shops:
D:5 *


Innate Abilities, Weirdness & Mutations

You do not regenerate when monsters are visible.
You are frail without blood (-20% HP).
You can heal yourself when you bite living creatures.
You are immune to poison.
You have razor-sharp teeth.
You have supernaturally acute eyesight. (SInv)
You are afflicted with vampirism and can become a bat while bloodless.


Message History

b - a +2 short sword of flaming (weapon)
You catch the helpless howler monkey skeleton completely off-guard!
You puncture the howler monkey skeleton!
You burn the howler monkey skeleton.
You destroy the howler monkey skeleton!
Casting: Confusing Touch (dangerous; 2% risk of failure)
Confirm with . or Enter, or press ? or * to list all spells.
Aiming: Ensorcelled Hibernation (safe; 3% risk of failure)
Press: ? - help, Shift-Dir - straight line, f - jelly
Aim: a jelly (wandering, hasn't noticed you, chance to affect: 58%)
The jelly quivers.
The jelly looks drowsy...
A killer bee zombie comes into view.
The phantom hits you.
The phantom blinks!
You blink.
The jelly quivers.
You can no longer pass through a line of other dancers.
You strike the helpless killer bee zombie from behind!
You impale the killer bee zombie!! You burn the killer bee zombie!
You destroy the killer bee zombie!
You can now pass through a line of other dancers.
The jelly completely misses you. The jelly hits you but does no damage.
The phantom hits you but does no damage.
You can no longer pass through a line of other dancers.
The jelly hits you but does no damage.
There is a stone staircase leading up here.
The phantom hits you!
* * * LOW HITPOINT WARNING * * *
You climb upwards.
There is a stone staircase leading down here.
Casting: Ensorcelled Hibernation (safe; 3% risk of failure)
Confirm with . or Enter, or press ? or * to list all spells.
Your hands begin to glow red.
The phantom hits you!
* * * LOW HITPOINT WARNING * * *
The phantom blinks!
You blink.
You hit the phantom but do no damage. You hit the phantom but do no damage.
Your bite misses the phantom. The phantom completely misses you.
You closely miss the phantom. The phantom hits you.
You die...

.....)..........#.##.####
...).##.#.###........############
####)##<#.# #.#..###.............
...))...#.###.#..###.############
........#........................
....)...#.........##..........###
........#.####....######.####.#
........#.# ##W..######)# #.#
........#.# ###.@........# #.#
#########.# #.....######.# #.#
#.# #.#..## #.# #.# #####.#
#...§# ###.####.# #.....#
###.######<.......### #.###.#
#.................. #.###.##
##########.######## #.##...######
#.# #.#..≈..#...# #.#


You could see a phantom.

Vanquished Creatures
  A water moccasin (D:4)
  2 ogres
  A scorpion (D:4)
  A howler monkey (D:5)
  A centaur zombie (Ossuary)
  A jelly (D:5)
  A hound (D:5)
  A bullfrog skeleton (D:4)
  A bullfrog zombie (D:5)
  2 orc wizards (D:4)
  A killer bee zombie (D:5)
  A howler monkey skeleton (D:5)
  4 adders
  An adder skeleton (D:4)
  3 worms
  2 dart slugs
  11 orcs
  7 ball pythons
  12 endoplasms
  6 giant cockroaches
  8 goblins
  8 hobgoblins
  8 jackals
  7 quokkas
  7 bats
  4 frilled lizards
  11 hobgoblin zombies (Ossuary)
  4 kobolds
  6 kobold zombies (Ossuary)
  2 orc zombies (Ossuary)
  8 rats
133 creatures vanquished.

Notes
Turn   | Place    | Note
-------+----------+-------------------------------------------
     0 | D:1      | Glokmah the Vampire Enchanter began the quest for the Orb.
     0 | D:1      | Reached XP level 1. HP: 13/13 MP: 3/3
   151 | D:1      | Reached XP level 2. HP: 5/15 MP: 1/5
   411 | D:1      | Learned a level 2 spell: Ensorcelled Hibernation
  1373 | D:1      | Gained mutation: You are afflicted with vampirism and can
                  | become a bat while bloodless. [Vampire growth]
  1373 | D:1      | Reached XP level 3. HP: 20/20 MP: 3/6
  1420 | D:1      | Found a faded altar of an unknown god.
  1807 | D:1      | Reached skill level 5 in Hexes
  2148 | D:2      | Reached skill level 5 in Stealth
  2178 | D:2      | Reached skill level 1 in Fighting
  2530 | D:2      | Reached XP level 4. HP: 25/25 MP: 2/7
  3433 | D:3      | Found a broken altar of Ashenzari.
  3916 | D:3      | Reached skill level 1 in Ice Magic
  4269 | D:4      | Noticed a scorpion
  4271 | D:4      | Reached XP level 5. HP: 29/29 MP: 3/8
  4329 | D:4      | Found a sand-covered staircase.
  4341 | D:4      | Noticed an ogre
  4348 | D:4      | Killed an ogre
  4349 | D:4      | Reached XP level 6. HP: 35/35 MP: 8/10
  4354 | Ossuary  | Entered an ossuary
  4359 | Ossuary  | Learned a level 3 spell: Confusing Touch
  4847 | D:4      | Noticed a water moccasin
  4864 | D:4      | Killed a water moccasin
  4995 | D:4      | Found a staircase to the Ecumenical Temple.
  5000 | Temple   | Entered the Ecumenical Temple
  5075 | Temple   | Became a worshipper of Uskayaw the Reveller
  5155 | D:4      | Reached * piety under Uskayaw
  5279 | D:4      | Reached XP level 7. HP: 33/35 MP: 6/11
  5364 | D:4      | Reached ** piety under Uskayaw
  5698 | D:5      | Entered Level 5 of the Dungeon
  5783 | D:5      | Found Todurim's Assorted Antiques.
  5796 | D:5      | Reached skill level 1 in Invocations
  5798 | D:5      | Noticed a gargoyle
  5798 | D:5      | Reached *** piety under Uskayaw
  5920 | D:4      | Slain by a phantom

Illustrated notes

Levels and vault maps discovered:
D:1:      giann_wishing_wells, layout_rooms,
          shapermc_ecumenical_altar_mp_highgroup, minmay_pentomino_t4
D:2:      layout_basic, minivault_23, minmay_cut_off
D:3:      layout_loops_cross, lemuel_coloured_pillars_altar,
          gup_sewer_entry_spiral, minmay_starry_boxes
D:4:      layout_basic, minmay_temple_entry_nine_rooms,
          nicolae_ossuary_entry_ruins, amcnicky_mini_pool_small
D:5:      layout_rooms, serial_shops, shop_statue
Temple:   grunt_wide_crystal_templ

Skill      XL: |  1  2  3  4  5  6  7 |
---------------+----------------------+-----
Hexes          | 5 6 7 |  7.2
Short Blades   | 2 3 4 |  4.3
Stealth        | 5 6 7 |  7.3
Fighting       | 1 2 |  2.3
Ice Magic      | 1 2 |  2.3
Spellcasting   | 3 |  3.1
Invocations    | 1 |  1.2
Dodging        | |  2.1

Action                   |  1- 3 |  4- 6 |  7- 9 || total
-------------------------+-------+-------+-------++-------
Melee: Dagger            |    94 |   174 |    38 ||   306
       Bite              |     4 |    19 |     2 ||    25
       Short sword       |       |     1 |     5 ||     6
 Cast: Corona            |     4 |       |       ||     4
       Ensorcelled Hiber |    33 |    22 |     6 ||    61
       Confusing Touch   |       |    13 |     3 ||    16
 Abil: Exsanguinate      |     1 |     1 |       ||     2
       Revivify          |       |     1 |       ||     1
  Use: Scroll            |       |     7 |       ||     7
 Stab: Sleeping          |    30 |    39 |     5 ||    74
       Confused          |       |     9 |     2 ||    11
       Distracted        |       |       |     1 ||     1
Armor: Robe              |    17 |    38 |     3 ||    58
Dodge: Dodged            |    78 |   124 |    21 ||   223

Table legend: (Time is in decaauts)
 A = Elapsed time spent in this place.
 B = Non-inter-level travel time spent in this place.
 C = Inter-level travel time spent in this place.
 D = Time resting spent in this place.
 E = Time spent auto-exploring this place.
 F = Levels seen in this place.
 G = Mean time per level.
                   A        B        C        D        E       F      G
               +--------+--------+--------+--------+--------+-----+--------+
         Total |   5926 |   5440 |    486 |    973 |   2954 |   7 |  846.6 |
       Dungeon |   5471 |   5012 |    459 |    861 |   2880 |   5 | 1094.2 |
        Temple |     84 |     57 |     27 |      0 |     55 |   1 |   84.0 |
       Ossuary |    369 |    369 |      0 |    112 |     19 |   1 |  369.0 |
               +--------+--------+--------+--------+--------+-----+--------+

Top non-repeatable levels by time:
     D:1: 1980 daAuts
     D:2: 1199 daAuts
     D:4: 1134 daAuts
     D:3: 1089 daAuts
 Ossuary: 369 daAuts
  Temple: 84 daAuts
     D:5: 68 daAuts
